 Dungeon Crawl Stone Soup version 0.31.0-7-gf635a9b802 (webtiles) character file.

Game seed: 17960005015360681908

5177 Crownlay the Fighter (level 10, -3/84 HPs)
             Began as a Djinni Monk on Jan 23, 2024.
             Slain by a wight
             ... wielding a +3 short sword
              (5 damage)
             ... on level 8 of the Dungeon.
             The game lasted 00:12:10 (7895 turns).

Crownlay the Fighter (Djinni Monk)                  Turns: 7895, Time: 00:12:12

Health: -3/84      AC:  4    Str: 10    XL:     10   Next: 90%
Gold:   175        EV: 12    Int: 17    God:
                   SH:  6    Dex: 17

rFire   + . .        k - +9 sling of Usohon {drain, rCorr Int+2 Stlth+}
rCold   . . .        H - +2 buckler
rNeg    . . .        b - +0 robe
rPois   ∞            r - +1 hat
rElec   .            v - +0 cloak
rCorr   +            (no gloves)
SInv    .            (boots unavailable)
Will    +....        (no amulet)
Stlth   +++          D - ring of ice
HPRegen 0.34/turn    (no ring)
MPRegen 0.00/turn

%: infuse magic (-4 HP)
@: flying
A: sickness immunity, fire resistance 2, cold vulnerability 1, float, innate
caster, HP casting, extra vitality 1
a: no special abilities


You were on level 8 of the Dungeon.
You visited 2 branches of the dungeon, and saw 10 of its levels.

You collected 394 gold pieces.
You spent 219 gold pieces at shops.

Inventory:

Hand Weapons
 k - the +9 sling of Usohon (weapon) {drain, rCorr Int+2 Stlth+}
   (You found it on level 2 of the Dungeon)

   Int+2:     It affects your intelligence (+2).
   rCorr:     It protects you from acid and corrosion.
   Stlth+:    It makes you more stealthy.
 x - a +2 dagger of electrocution
 J - a +7 war axe
 K - a +5 spear
Missiles
 y - 9 throwing nets
Armour
 b - a +0 robe (worn)
 d - an orb of light
 r - a +1 hat (worn)
 v - a +0 cloak (worn)
 H - a +2 buckler (worn)
Magical Staves
 q - a staff of alchemy
Jewellery
 D - a ring of ice (left hand)
Wands
 B - a wand of polymorph (4)
 L - a wand of iceblast (8)
Scrolls
 a - a scroll of fear {unknown}
 i - 4 scrolls of teleportation {unknown}
 j - 4 scrolls of identify {unknown}
 o - a scroll of fog {unknown}
 p - 2 scrolls of immolation {unknown}
 s - a scroll of vulnerability {unknown}
 t - a scroll of blinking {unknown}
 u - a scroll of silence {unknown}
 A - a scroll of revelation {unknown}
 E - 2 scrolls of brand weapon {unknown}
 F - 2 scrolls of poison {unknown}
 G - a scroll of enchant weapon {unknown}
 I - a scroll of torment {unknown}
 N - a scroll of noise {unknown}
Potions
 c - a potion of ambrosia
 e - 3 potions of heal wounds
 f - a potion of resistance {unknown}
 g - 3 potions of attraction
 h - a potion of might {unknown}
 l - 2 potions of cancellation {unknown}
 m - 4 potions of curing
 n - 2 potions of brilliance {unknown}
 w - a potion of degeneration {unknown}
 z - 3 potions of enlightenment
 C - a potion of lignification
 M - a potion of experience {unknown}


   Skills:
 * Level 12.1 Fighting
 - Level 2.6 Short Blades
 + Level 4.7 Ranged Weapons
 - Level 3.2 Dodging
 + Level 6.1 Spellcasting
 + Level 6.1 Conjurations
 + Level 6.1 Hexes
   Level 0.0 Charms
 + Level 6.1 Summonings
 + Level 6.1 Necromancy
 + Level 6.1 Translocations
   Level 0.0 Transmutations
 + Level 6.1 Fire Magic
 + Level 6.1 Ice Magic
 + Level 6.1 Air Magic
 + Level 6.1 Earth Magic
 + Level 6.1 Alchemy


You knew the following spells:

 Your Spells              Type           Power      Damage    Failure   Level
a - Sting                 Conj/Alch      100%       1d9       1%          1
b - Call Imp              Summ           52%        N/A       2%          2
c - Ensorcelled Hibernat  Hex/Ice        78%        N/A       2%          2
d - Iskenderun's Mystic   Conj/Tloc      26%        2d7       16%         4
Your spell library was empty.

Dungeon Overview and Level Annotations

Branches:
Dungeon (9/15)             Temple (1/1) D:6
   Lair: D:8-11         Orc: D:9-12

Altars:
Ashenzari
Cheibriados
Dithmenos
Elyvilon
Fedhas
Gozag
Hepliaklqana
Makhleb
Okawaru
Qazlal
Trog
Uskayaw
Wu Jian
Xom
Yredelemnul
Zin

Shops:
D:5 *   D:6 ![!


Innate Abilities, Weirdness & Mutations

You are immune to sickness and miasma.
You are immune to poison.
Your flesh is very heat resistant. (rF++)
You are vulnerable to cold. (rC-)
You float through the air rather than walking.
You learn spells naturally, not from books.
Your magical power is your life essence.
You have superior vitality. (+4 MHP)


Message History

You shoot a sling bullet. The sling bullet hits the wight!
The wight is severely damaged.
You block the wight's attack.
The wight hits you from afar with a +4 trident of freezing!
The wight freezes you.
The wight hits you with a +3 short sword.
The wight hits you from afar with a +4 trident of freezing!
The wight freezes you. The wight attacks as it pursues you!
The wight hits you from afar with a +4 trident of freezing!
The wight freezes you.
* * * LOW HITPOINT WARNING * * *
The wight attacks as it pursues you!
The wight hits you with a +3 short sword!
* * * LOW HITPOINT WARNING * * *
You see here a wyvern corpse.
The wight attacks as it pursues you! The wight hits you but does no damage.
The wight attacks as it pursues you! The wight closely misses you.
There is a stone staircase leading up here.
The wight completely misses you.
The wight hits you from afar with a +4 trident of freezing!
* * * LOW HITPOINT WARNING * * *
The wight freezes you.
* * * LOW HITPOINT WARNING * * *
You fly upwards.
There is a stone staircase leading down here.
Fire: k) +9 sling of Usohon {drain, rCorr Int+2 Stlth+}
Press: ? - help, Shift-Dir - straight line, f - wight
Aim: a wight, wielding a +3 short sword and wearing a +0 robe (severely damaged, 73% to hit)
You shoot a sling bullet.
The sling bullet hits the wight but does no damage.
The wight is severely damaged.
The wight barely misses you.
Fire: k) +9 sling of Usohon {drain, rCorr Int+2 Stlth+}
Press: ? - help, Shift-Dir - straight line, f/p - wight
Aim: a wight, wielding a +3 short sword and wearing a +0 robe (severely damaged, 73% to hit)
You shoot a sling bullet. The sling bullet hits the wight.
The wight is almost destroyed.
The wight hits you with a +3 short sword.
You die...

..## ##.....#######..#
#..###.......#.......#
#...#............#####
##...............#
#...............##
##................#
#.................#
#.................#
.............).z@.#
.................##
)##............###
.#####.......### .#
######### )# .# .##
..#


You could see a wight.

Vanquished Creatures
  A two-headed ogre (D:9)
  Pikel (D:5)
  A wyvern (D:9)
  A steam dragon (D:7)
  Edmund (D:4)
  A swamp worm (D:8)
  Duvessa (D:6)
  A water moccasin (D:5)
  2 ice beasts
  An orc warrior (D:8)
  A black bear (D:7)
  3 ogres
  A wolf (D:6)
  A centaur (D:8)
  A phantom (D:4)
  A kobold brigand (D:8)
  A bullfrog (D:6)
  3 scorpions
  3 gnoll sergeants
  11 wights
  Dowan (D:6)
  4 killer bees (D:7)
  6 bombardier beetles
  A jelly (D:7)
  2 gnoll boudas
  7 hounds
  2 orc priests
  A sleepcap (D:8)
  5 iguanas
  7 orc wizards
  7 adders
  26 gnolls
  2 white imps
  4 dart slugs
  2 ribbon worms
  20 orcs
  6 ball pythons
  7 endoplasms
  3 giant cockroaches
  11 goblins
  7 hobgoblins
  9 jackals
  16 kobolds
  6 quokkas
  4 frilled lizards
  3 rats
206 creatures vanquished.

Notes
Turn   | Place    | Note
-------+----------+-------------------------------------------
     0 | D:1      | Crownlay the Djinni Monk began the quest for the Orb.
     0 | D:1      | Reached XP level 1. HP: 20/20 MP: 0/0
    59 | D:1      | Reached XP level 2. HP: 8/25 MP: 0/0
   216 | D:1      | Found a faded altar of an unknown god.
   725 | D:1      | Reached XP level 3. HP: 24/30 MP: 0/0
   725 | D:1      | Learned a level 1 spell: Sting
   993 | D:2      | Reached skill level 1 in Spellcasting
   993 | D:2      | Reached skill level 1 in Conjurations
   993 | D:2      | Reached skill level 1 in Hexes
   993 | D:2      | Reached skill level 1 in Summonings
   993 | D:2      | Reached skill level 1 in Necromancy
   993 | D:2      | Reached skill level 1 in Translocations
   993 | D:2      | Reached skill level 1 in Fire Magic
   993 | D:2      | Reached skill level 1 in Ice Magic
   993 | D:2      | Reached skill level 1 in Air Magic
   993 | D:2      | Reached skill level 1 in Earth Magic
   993 | D:2      | Reached skill level 1 in Alchemy
  1040 | D:2      | Identified the +9 sling of Usohon {drain, rCorr Int+2
                  | Stlth+}
  1084 | D:2      | Reached skill level 4 in Fighting
  1300 | D:2      | Reached XP level 4. HP: 37/37 MP: 0/0
  1574 | D:3      | Noticed an ice beast
  1580 | D:3      | Killed an ice beast
  1581 | D:3      | Reached skill level 1 in Ranged Weapons
  1581 | D:3      | Reached XP level 5. HP: 42/42 MP: 0/0
  1581 | D:3      | Learned a level 2 spell: Call Imp
  1768 | D:3      | Reached skill level 5 in Fighting
  1769 | D:3      | Reached XP level 6. HP: 49/49 MP: 0/0
  2281 | D:4      | Noticed an ogre
  2284 | D:4      | Killed an ogre
  2285 | D:4      | Reached skill level 6 in Fighting
  2285 | D:4      | Reached XP level 7. HP: 56/56 MP: 0/0
  2285 | D:4      | Learned a level 2 spell: Ensorcelled Hibernation
  2288 | D:4      | Found a stormy altar of Qazlal.
  2288 | D:4      | Noticed Edmund
  2298 | D:4      | Killed Edmund
  2417 | D:4      | Reached XP level 8. HP: 62/62 MP: 0/0
  2698 | D:4      | Reached skill level 7 in Fighting
  3380 | D:5      | Entered Level 5 of the Dungeon
  3526 | D:5      | Found Tyap's Elemental Accessories.
  3660 | D:5      | Reached skill level 8 in Fighting
  3822 | D:5      | Noticed Pikel
  3830 | D:5      | Killed Pikel
  3831 | D:5      | Reached skill level 9 in Fighting
  3831 | D:5      | Reached XP level 9. HP: 51/72 MP: 0/0
  3831 | D:5      | Learned a level 4 spell: Iskenderun's Mystic Blast
  4321 | D:6      | Found Iloapih's Distillery.
  4330 | D:6      | Bought a potion of curing for 33 gold pieces
  4330 | D:6      | Bought a potion of lignification for 33 gold pieces
  4330 | D:6      | Bought a potion of enlightenment for 55 gold pieces
  4330 | D:6      | Bought a potion of attraction for 33 gold pieces
  4353 | D:6      | Noticed Dowan
  4608 | D:6      | Noticed Duvessa
  4613 | D:6      | Killed Duvessa
  4626 | D:6      | Killed Dowan
  4770 | D:6      | Found a staircase to the Ecumenical Temple.
  4776 | Temple   | Entered the Ecumenical Temple
  4800 | D:6      | Found a hide-covered altar of Uskayaw.
  4833 | D:6      | Found Wigolucw's Antique Armour Emporium.
  4991 | D:6      | Reached skill level 10 in Fighting
  5158 | D:5      | Reached skill level 5 in Spellcasting
  5158 | D:5      | Reached skill level 5 in Conjurations
  5158 | D:5      | Reached skill level 5 in Hexes
  5158 | D:5      | Reached skill level 5 in Summonings
  5158 | D:5      | Reached skill level 5 in Necromancy
  5158 | D:5      | Reached skill level 5 in Translocations
  5158 | D:5      | Reached skill level 5 in Fire Magic
  5158 | D:5      | Reached skill level 5 in Ice Magic
  5158 | D:5      | Reached skill level 5 in Air Magic
  5158 | D:5      | Reached skill level 5 in Earth Magic
  5158 | D:5      | Reached skill level 5 in Alchemy
  5384 | D:6      | Reached XP level 10. HP: 81/81 MP: 0/0
  5644 | D:6      | Found Worhed's Distillery.
  5648 | D:6      | Bought a potion of heal wounds for 65 gold pieces
  5895 | D:7      | Reached skill level 11 in Fighting
  7093 | D:8      | Found a shadowy altar of Dithmenos.
  7866 | D:9      | Noticed a two-headed ogre
  7872 | D:9      | Killed a two-headed ogre
  7873 | D:9      | Reached skill level 12 in Fighting
  7892 | D:9      | HP: 1/84 [wight/+4 trident of freezing (6)]
  7895 | D:8      | Slain by a wight

Illustrated notes

Levels and vault maps discovered:
D:1:      wander_arrival_lonely_grave, layout_loops_corners,
          hellmonk_ecumenical_altar_arch_garden, nrook_mini_vaults,
          patterned_corridor
D:2:      layout_loops_cross
D:3:      layout_basic, mainiacjoe_overflow_brackets
D:4:      kb_forest_paths, layout_basic, nicolae_qazlal_scattered_showers,
          minmay_quantized, uniq_edmund
D:5:      minmay_angry_zag, layout_loops_corners, mainiacjoe_overflow_alcove_1,
          kennysheep_decorative_pillar, nicolae_elemental_shop, st_stairs_7,
          uniq_pikel
D:6:      layout_cave_pools, nicolae_uskayaw_dance_hall,
          minmay_temple_entry_hall, serial_shops, shop, nicolae_shop_trees,
          serial_gnoll_camp, gnoll_camp_mini_house, gnoll_camp_mini_loothouse,
          gnoll_camp_medium_01, gnoll_camp_mini_shop, uniq_duvessa
D:7:      layout_basic
D:8:      layout_cave_pods, nicolae_dithmenos_shadow_blocks, worms_lemuel
D:9:      layout_small_grid, erik_lair_island, minmay_misc_feat_square,
          uniq_jeremiah
Temple:   zaba_magenta_temple

Skill      XL: |  1  2  3  4  5  6  7  8  9 10 |
---------------+-------------------------------+-----
Spellcasting   | 1 2 4 5 6 |  6.1
Conjurations   | 1 2 4 5 6 |  6.1
Hexes          | 1 2 4 5 6 |  6.1
Summonings     | 1 2 4 5 6 |  6.1
Necromancy     | 1 2 4 5 6 |  6.1
Translocations | 1 2 4 5 6 |  6.1
Fire Magic     | 1 2 4 5 6 |  6.1
Ice Magic      | 1 2 4 5 6 |  6.1
Air Magic      | 1 2 4 5 6 |  6.1
Earth Magic    | 1 2 4 5 6 |  6.1
Alchemy        | 1 2 4 5 6 |  6.1
Fighting       | 4 5 6 9 10 12 | 12.1
Ranged Weapons | 1 2 4 |  4.7
Short Blades   | |  2.6
Dodging        | |  3.2

Action                     |  1- 3 |  4- 6 |  7- 9 | 10-12 || total
---------------------------+-------+-------+-------+-------++-------
  Melee: Short sword       |    83 |       |       |       ||    83
   Fire: Sling             |    26 |    58 |   224 |   182 ||   490
   Cast: Call Imp          |       |     1 |     2 |       ||     3
 Armour: Robe              |    41 |     4 |    64 |    58 ||   167
  Dodge: Dodged            |    84 |     3 |    74 |    40 ||   201
  Block: Buckler           |       |       |     6 |    26 ||    32
